Map: [ESL] Dynasty

Players

Astrea

  • Race: Protoss Protoss
  • Spawn Location: 1:00

SHIN - Winner!

  • Race: Zerg Zerg
  • Spawn Location: 7:00

Event: ESL Spring 2024 Finals

VOD

Have the link to the VOD?

Description

Time

  • Played on: May 31, 2024, 12:57 p.m.
  • Length: 4:18

All games in this series

Show
View Real Time Build Order
Export as new Build Order

Astrea Protoss 

Build Orders: 1 Gate Expand 

Get SALT Encoding   

  12  0:00  Probe  
  13  0:12  Probe  
  14  0:17  Pylon  
  14  0:24  Probe (Chrono Boost)  
  15  0:36  Gateway, Probe (Chrono Boost)  
  16  0:44  Probe (Chrono Boost)  
  16  0:45  Assimilator  
  17  0:50  Probe  
  18  1:03  Probe  
  19  1:15  Probe  
  20  1:22  Nexus  
  20  1:30  Cybernetics Core  
  20  1:33  Probe  
  20  1:39  Assimilator  
  21  1:45  Probe  
  22  1:48  Pylon  
  22  1:57  Probe (Chrono Boost)  
  23  2:03  Adept (Chrono Boost)  
  23  2:06  Warp Gate  
  25  2:10  Probe (Chrono Boost)  
  26  2:17  Twilight Council, Probe (Chrono Boost)  
  27  2:26  Adept (Chrono Boost)  
  27  2:28  Probe  
  30  2:34  Probe  
  31  2:40  Probe  
  32  2:45  Robotics Facility  
  32  2:46  Probe  
  33  2:53  Probe  
  33  2:58  Stalker  
  33  3:01  Probe  
  36  3:08  Probe  
  37  3:15  Gateway x2  
  37  3:19  Probe  
  38  3:23  Probe  
  39  3:29  Gateway  
  39  3:36  Warp Prism  
  41  3:43  Probe, Pylon  
  42  3:51  Probe  
  42  3:54  Adept  
  45  3:56  Pylon  
  43  4:06  Pylon  
Show
View Real Time Build Order
Export as new Build Order

SHIN Zerg - Winner!

Build Orders: Hatch First 

Get SALT Encoding   

  12  0:00  Drone  
  13  0:08  Drone  
  14  0:15  Drone, Extractor  
  15  0:38  Hatchery  
  14  0:43  Drone, Extractor  
  14  0:48  Overlord  
  15  1:03  Spawning Pool  
  14  1:07  Drone  
  14  1:10  Drone  
  16  1:13  Drone  
  17  1:18  Drone  
  18  1:31  Drone  
  19  1:46  Unknown  
  18  1:50  Queen, Zergling x4  
  18  1:51  Drone  
  23  1:58  Queen  
  25  2:01  Drone  
  26  2:09  Roach Warren  
  26  2:12  Drone  
  26  2:16  Overlord  
  26  2:22  Drone  
  27  2:34  Queen, Zergling x2  
  27  2:35  Overlord  
  30  2:40  Metabolic Boost  
  27  2:59  Roach x4  
  27  3:03  Roach  
  37  3:09  Roach  
  37  3:11  Overlord  
  39  3:17  Zergling x4  
  39  3:19  Zergling x2  
  42  3:22  Zergling x2  
  42  3:24  Zergling x2  
  44  3:30  Ravager x2  
  46  3:37  Zergling x4  
  46  3:39  Zergling x2  
  49  3:43  Ravager  
  49  3:45  Zergling x2  
  51  3:51  Zergling x2  
  52  3:57  Overlord  
  51  4:10  Ravager  
Tags
 
Add a new tag
Caveats
  • Supply blocks, unpowered buildings, or Contaminate may cause inaccurate times.
  • Supply counts are checked every 10 seconds.